 Dungeon Crawl Stone Soup version 0.29.1-12-g30fa7ad0bf (webtiles) character file.

Game seed: 5448126624096417132

1857 javelincjr the Conjurer (level 9, -5/62 HPs)
             Began as a Human Conjurer on Dec 20, 2022.
             Was an Initiate of Sif Muna.
             Slain by a hornet zombie (10 damage)
             ... in an ossuary.
             The game lasted 00:39:36 (6806 turns).

javelincjr the Conjurer (Human Conjurer)            Turns: 6806, Time: 00:39:36

Health: -5/62      AC:  4    Str:  7 (8)  XL:     9   Next: 34%
Magic:  1/17       EV: 13    Int: 25      God:    Sif Muna [......]
Gold:   200        SH:  0    Dex: 10 (11) Spells: 15/19 levels left

rFire   . . .      SeeInvis .   n - +3 dagger (freeze)
rCold   . . .      Faith    .   (no shield)
rNeg    . . .      Spirit   .   a - +0 robe
rPois   .          Reflect  .   (no helmet)
rElec   .          Harm     .   (no cloak)
rCorr   .          Rampage  .   (no gloves)
Will    .....                   r - +1 pair of boots
Stlth   +++.......              (no amulet)
HPRegen 0.20/turn               (no ring)
MPRegen 0.15/turn               (no ring)

@: no status effects
A: clever 1, MP-powered wands
a: Renounce Religion


You were in an ossuary.
You worshipped Sif Muna.
Sif Muna was noncommittal.
You visited 2 branches of the dungeon, and saw 7 of its levels.
You also visited: Sewer and Ossuary.

You collected 200 gold pieces.

Inventory:

Hand Weapons
 j - a +3 hand axe
 n - a +3 dagger of freezing (weapon)
Missiles
 d - 46 stones
 h - 17 poisoned darts
 y - 6 curare-tipped darts
 D - 2 boomerangs
Armour
 a - a +0 robe (worn)
 r - a +1 pair of boots (worn)
Magical Staves
 g - a staff of fire
Jewellery
 p - a +6 ring of strength
Wands
 q - a wand of roots (20)
 v - a wand of flame (45)
Scrolls
 e - 2 scrolls of teleportation
 i - a scroll of butterflies
 m - a scroll of fear
 s - 3 scrolls of identify
 B - 2 scrolls of summoning
 E - a scroll of blinking
Potions
 b - a potion of magic
 f - 2 potions of cancellation
 k - a potion of mutation
 l - 3 potions of heal wounds
 o - 2 potions of brilliance
 w - a potion of degeneration


   Skills:
 + Level 2.9 Fighting
 + Level 3.8 Short Blades
 + Level 1.6 Staves
 + Level 4.1 Dodging
 + Level 4.8 Stealth
 + Level 5.7 Spellcasting
 + Level 7.2 Conjurations


You had 15 spell levels left.
You knew the following spells:

 Your Spells              Type           Power      Damage    Failure   Level
a - Magic Dart            Conj           100%       1d8       1%          1
b - Searing Ray           Conj           86%        2d7       1%          2
c - Slow                  Hex            28%        N/A       8%          1

Your spell library contained the following spells:

 Spells                   Type           Power      Damage    Failure   Level
 Dazzling Flash           Conj/Hex       50%        N/A       5%          3
 Fulminant Prism          Conj/Hex       12%        3d9       17%         4
 Iskenderun's Mystic Bla  Conj/Tloc      25%        2d7       17%         4
 Confusing Touch          Hex            7%         N/A       22%         3
 Vampiric Draining        Necr           7%         2d6       22%         3
 Animate Armour           Summ/Erth      14%        N/A       58%         4
 Blade Hands              Tmut           3%         N/A       91%         5
 Iron Shot                Conj/Erth      12%        9d3       95%         6


Dungeon Overview and Level Annotations

Branches:
Dungeon (6/15)             Temple (1/1) D:5           Sewer (visited)
Ossuary (1/1)

Altars:
Ashenzari
Cheibriados
Dithmenos
Elyvilon
Fedhas
Gozag
Kikubaaqudgha
Makhleb
Nemelex Xobeh
Okawaru
Qazlal
Sif Muna
Trog
Uskayaw
Vehumet
Wu Jian
Xom
Zin

Shops:
D:4 *   D:5 [


Innate Abilities, Weirdness & Mutations

Your mind is acute. (Int +4, Str/Dex -1)
You expend magic power (3 MP) to strengthen your wands.


Message History

Press: ? - help, Q - select action, (/) - cycle Shift-Dir - straight line, f - hornet zombie
Aim: a hornet zombie (wandering, hasn't noticed you, 100% to hit)
The magic dart hits the hornet zombie.
The hornet zombie is lightly damaged.
Aiming: Magic Dart (safe; 1% risk of failure)
Press: ? - help, Q - select action, (/) - cycle Shift-Dir - straight line, f/p - hornet zombie
Aim: a hornet zombie (lightly damaged, 100% to hit)
The magic dart hits the hornet zombie but does no damage.
The hornet zombie is lightly damaged.
You hit the hornet zombie.
The hornet zombie is lightly damaged.
The hornet zombie closely misses you.
You barely miss the hornet zombie.
The hornet zombie is lightly damaged.
The hornet zombie hits you!
* * * LOW HITPOINT WARNING * * *
You closely miss the hornet zombie.
The hornet zombie is lightly damaged.
The hornet zombie misses you.
You completely miss the hornet zombie.
The hornet zombie is lightly damaged.
The hornet zombie misses you.
You barely miss the hornet zombie.
The hornet zombie is lightly damaged.
The hornet zombie hits you but does no damage.
You hit the hornet zombie but do no damage.
The hornet zombie is lightly damaged.
The hornet zombie barely misses you.
A water moccasin zombie comes into view.
You hit the hornet zombie but do no damage.
The hornet zombie is lightly damaged.
The hornet zombie closely misses you.
You hit the hornet zombie.
The hornet zombie is moderately damaged.
The hornet zombie barely misses you. The hornet zombie hits you!
* * * LOW HITPOINT WARNING * * *
You puncture the hornet zombie!
The hornet zombie is moderately damaged.
The hornet zombie hits you!
You die...

≈### ~~
≈≈≈≈##~+
≈≈#P~.#
###~~#M#
#≈≈≈P.~'
##≈#~~~#####
≈≈≈~...#..∩#
####~~'ZZ@#
#≈~P~~#...#
#####.#####
+M. #'#+ #.#
###


You could see a water moccasin zombie and a hornet zombie.

Vanquished Creatures
  Grinder (D:4)
  A water moccasin (D:5)
  An ice beast (D:6)
  An ogre (D:4)
  A black bear (D:4)
  2 phantoms (D:5)
  3 kobold brigands (Sewer)
  Blork the orc (D:4)
  A scorpion (D:5)
  A necrophage (D:5)
  A water moccasin zombie (Ossuary)
  A wyvern zombie (Ossuary)
  A howler monkey (D:5)
  2 vampire bats (D:5)
  4 hounds
  2 iguanas
  An orc wizard (D:4)
  5 mummies (Ossuary)
  15 adders
  A river rat (Sewer)
  3 worms
  A dart slug (D:4)
  7 orcs
  A bat skeleton (D:5)
  2 bat zombies (D:5)
  7 endoplasms
  13 goblins
  9 hobgoblins
  4 jackals (D:5)
  2 quokkas
  9 ball pythons
  A bat (D:2)
  5 frilled lizards
  4 giant cockroaches
  4 kobolds
  4 rats
122 creatures vanquished.

Vanquished Creatures (others)
  6 plants (D:5)
  4 withered plants (Ossuary)
10 creatures vanquished.

Grand Total: 132 creatures vanquished

Notes
Turn   | Place    | Note
-------+----------+-------------------------------------------
     0 | D:1      | javelincjr the Human Conjurer began the quest for the Orb.
     0 | D:1      | Reached XP level 1. HP: 13/13 MP: 3/3
   525 | D:1      | Found a faded altar of an unknown god.
   602 | D:1      | Reached XP level 2. HP: 19/19 MP: 1/5
   901 | D:2      | Reached XP level 3. HP: 24/24 MP: 3/6
  1151 | D:2      | Learned a level 2 spell: Searing Ray
  1316 | D:2      | Reached skill level 5 in Conjurations
  1316 | D:2      | Reached XP level 4. HP: 30/30 MP: 4/7
  2485 | D:3      | Learned a level 1 spell: Slow
  2520 | D:3      | Found a burning altar of Makhleb.
  2521 | D:3      | Found a shadowy altar of Dithmenos.
  2960 | D:4      | Reached XP level 5. HP: 36/36 MP: 6/8
  2976 | D:4      | Found a snail-covered altar of Cheibriados.
  2998 | D:4      | Noticed Grinder
  3019 | D:4      | Found a glowing drain.
  3037 | D:4      | Found Dasm's General Store.
  3044 | D:4      | Killed Grinder
  3045 | D:4      | Reached skill level 1 in Short Blades
  3045 | D:4      | Reached skill level 1 in Staves
  3045 | D:4      | Reached XP level 6. HP: 9/42 MP: 1/11
  3201 | D:4      | Noticed Blork the orc
  3216 | D:4      | Killed Blork the orc
  3217 | D:4      | Reached skill level 1 in Fighting
  3217 | D:4      | Reached XP level 7. HP: 5/48 MP: 2/12
  3479 | Sewer    | Entered a sewer
  3841 | Sewer    | Reached skill level 6 in Conjurations
  4168 | Sewer    | Gained mutation: Your mind is acute. (Int +4, Str/Dex -1)
                  | [potion of mutation]
  4168 | Sewer    | Gained mutation: You expend magic power (3 MP) to
                  | strengthen your wands. [potion of mutation]
  4256 | D:4      | Reached XP level 8. HP: 26/54 MP: 6/14
  4548 | D:4      | Found a sparkling altar of Nemelex Xobeh.
  4855 | D:4      | Found a shimmering altar of Xom.
  4869 | D:4      | Found an opulent altar of Gozag.
  4887 | D:5      | Entered Level 5 of the Dungeon
  5499 | D:5      | Found Zijob's Antique Armour Emporium.
  5572 | D:5      | Reached XP level 9. HP: 62/62 MP: 11/16
  5582 | D:5      | Found a staircase to the Ecumenical Temple.
  5591 | Temple   | Entered the Ecumenical Temple
  5633 | Temple   | Became a worshipper of Sif Muna the Loreminder
  6303 | D:5      | Reached skill level 5 in Spellcasting
  6390 | D:5      | Found an ancient bone altar of Kikubaaqudgha.
  6562 | D:6      | Reached skill level 7 in Conjurations
  6644 | D:6      | Found a sand-covered staircase.
  6656 | Ossuary  | Entered an ossuary
  6806 | Ossuary  | Slain by a hornet zombie

Illustrated notes

Levels and vault maps discovered:
D:1:      eino_arrival_cavern_d, layout_rooms,
          shapermc_ecumenical_altar_starsandcircs
D:2:      kennysheep_the_goblin_king, layout_loops_corners
D:3:      layout_basic, nicolae_overflow_squiral
D:4:      layout_gridville, mainiacjoe_overflow_small_starburst,
          mainiacjoe_overflow_big_doors, lemuel_crystal_altar, serial_shops,
          shop, gup_sewer_entry_glass, hangedman_decor_lopped,
          uniq_blork_the_orc, uniq_grinder
D:5:      layout_basic, kennysheep_vampire_church, minmay_temple_entry_mist,
          serial_shops, nicolae_shop_overgrown_old_shop
D:6:      layout_rooms, enter_ossuary_1
Temple:   nicolae_temple_bog_church
Ossuary:  ossuary_zaba_flooded

Skill      XL: |  1  2  3  4  5  6  7  8  9 |
---------------+----------------------------+-----
Conjurations   | 5 6 7 |  7.2
Short Blades   | 1 2 3 |  3.8
Staves         | 1 |  1.6
Spellcasting   | 3 4 5 |  5.7
Fighting       | 1 2 |  2.9
Stealth        | 3 4 |  4.8
Dodging        | 3 4 |  4.1

Action                   |  1- 3 |  4- 6 |  7- 9 || total
-------------------------+-------+-------+-------++-------
Melee: Unarmed           |     6 |       |       ||     6
       Dagger            |       |    32 |    64 ||    96
       Staff             |       |     5 |       ||     5
 Cast: Magic Dart        |    42 |    41 |    50 ||   133
       Searing Ray       |       |     7 |    43 ||    50
  Use: Scroll            |       |     6 |     5 ||    11
       Potion            |       |       |    10 ||    10
 Stab: Sleeping          |       |       |     1 ||     1
Armor: Robe              |     2 |     4 |    23 ||    29
Dodge: Dodged            |    11 |    19 |    60 ||    90
